 Dungeon Crawl Stone Soup version 0.31-a0-489-g282fc92437 (webtiles) character file.

Game seed: 3230308077025122895

80 Ethylacetat the Sneak (level 4, -1/31 HPs)
             Began as an Octopode Brigand on Aug 8, 2023.
             Slain by a gnoll
             ... wielding a +0 club
              (6 damage)
             ... on level 3 of the Dungeon.
             The game lasted 00:01:59 (1371 turns).

Ethylacetat the Sneak (Octopode Brigand)            Turns: 1371, Time: 00:02:00

Health: -1/31      AC:  1    Str: 10    XL:     4   Next: 39%
Magic:  4/4        EV: 13    Int: 13    God:
Gold:   155        SH:  5    Dex: 15    Spells: 3/3 levels left

rFire   . . .        g - +1 whip (drain)
rCold   . . .        (no shield)
rNeg    . . .        (helmet restricted)
rPois   .            e - amulet of reflection
rElec   .            (no ring)
rCorr   .            (no ring)
SInv    .            (no ring)
Will    .....        (no ring)
Stlth   ++++         (no ring)
HPRegen 0.25/turn    (no ring)
MPRegen 0.09/turn    (no ring)
                     (no ring)

%: reflection
@: no status effects
A: almost no armour, amphibious, 8 rings, camouflage 1, gelatinous body 1,
(nimble swimmer 1), tentacles
a: no special abilities


You were on level 3 of the Dungeon.
You visited 1 branch of the dungeon, and saw 3 of its levels.

You collected 179 gold pieces.
You spent 24 gold pieces at shops.

Inventory:

Hand Weapons
 a - a +2 dagger
 g - a +1 whip of draining (weapon)
Missiles
 b - 13 poisoned darts (quivered)
 c - 3 curare-tipped darts
 d - 6 atropa-tipped darts
Jewellery
 e - an amulet of reflection (around mantle)
Scrolls
 f - a scroll of butterflies {unknown}
 h - 3 scrolls of identify
 l - 2 scrolls of immolation {unknown}
 o - 2 scrolls of vulnerability {unknown}
Potions
 i - 3 potions of lignification {unknown}
 j - a potion of mutation {unknown}
 k - a potion of enlightenment {unknown}
 m - a potion of heal wounds {unknown}
 n - a potion of ambrosia {unknown}
 p - a potion of attraction {unknown}


   Skills:
 + Level 3.1 Fighting
 - Level 2.0 Short Blades
 - Level 2.0 Throwing
 + Level 2.3 Dodging
 + Level 6.2 Stealth


You had 3 spell levels left.
You didn't know any spells.
Your spell library contained the following spells:

 Spells                   Type           Power      Damage    Failure   Level
 Freeze                   Ice            0%         1d3       30%         1
 Sandblast                Erth           0%         2d4       30%         1
 Passwall                 Tmut/Erth      0%         N/A       43%         2
 Frozen Ramparts          Ice            0%         1d1       67%         3
 Hailstorm                Conj/Ice       0%         3d3       67%         3
 Stone Arrow              Conj/Erth      0%         3d7       67%         3
 Vhi's Electric Charge    Tloc/Air       0%         N/A       67%         3
 Arcjolt                  Conj/Air       0%         1d10      100%        5
 Maxwell's Capacitive Co  Air            0%         ∞         100%        8


Dungeon Overview and Level Annotations

Branches:
Dungeon (3/15)

Altars:

Shops:
D:3 ?


Innate Abilities, Weirdness & Mutations

You cannot wear most types of armour.
You are amphibious.
You can wear up to eight rings at the same time.
Your skin changes colour to match your surroundings (Stealth+).
Your rubbery body absorbs attacks. (AC +1, EV +1)
((You are camouflaged when in or above water. (Stealth+)))
You have tentacles for arms and can constrict up to eight enemies at once.


Message History

No target in view!
A gnoll comes into view. It is wielding a +0 club.
A gnoll comes into view. It is wielding a +0 spear.
There are monsters nearby! 2 gnolls come into view.
There are monsters nearby!
Found a cyan potion.
The gnoll shouts! x3; You hear an angry hiss.
There are monsters nearby!
An adder comes into view.
There are monsters nearby!
You hit the gnoll. You drain the gnoll. Your grab misses the gnoll.
You tentacle-slap the gnoll, but do no damage.
Your squeeze misses the gnoll.
The gnoll is heavily wounded.
The gnoll closely misses you.
You hit the gnoll. You drain the gnoll.
You kill the gnoll!
The gnoll hits you from afar with a +0 spear!
There are monsters nearby!
You hit the gnoll. You drain the gnoll. Your grab misses the gnoll.
The gnoll is heavily wounded.
The gnoll barely misses you.
You hit the gnoll but do no damage. You drain the gnoll. You grab the gnoll.
The gnoll is severely wounded.
You constrict the gnoll. The gnoll hits you with a +0 club.
The gnoll hits you with a +0 flail.
The gnoll hits you from afar with a +0 spear.
You are too injured to fight recklessly!
You are too injured to fight recklessly!
You release your grip on the gnoll.
The gnoll attacks as you move away! The gnoll misses you.
You block the gnoll's attack. The gnoll hits you with a +0 club!
* * * LOW HITPOINT WARNING * * *
The gnoll attacks as you move away! You block the gnoll's attack.
You hit the gnoll. You grab the gnoll.
The gnoll is moderately wounded.
You constrict the gnoll, but do no damage.
The gnoll hits you with a +0 club.
You die...

#.#..#.# ..... #.#..#.#
..... ###....#.### .....
...........# ...........
.....!.)...+ .[..........
........Sg.# #...........
.......#g### #......##+##
.####.##g# #..........# ...
#@# #........... ### #.#
###......... #.#
#........... ###.##
#.......#.#.
#....####.).....#.#.
#...............#.#.
.###.###.....###.......#+#.
.
......##.....###..........^
..
.....##.......#.####......


You could see 3 gnolls and an adder.

Vanquished Creatures
  A gnoll (D:3)
  An adder (D:2)
  2 worms (D:2)
  3 dart slugs
  8 ball pythons
  3 endoplasms (D:2)
  A giant cockroach (D:2)
  2 goblins
  8 hobgoblins
  A quokka (D:2)
  5 bats
  5 frilled lizards
  7 kobolds
  2 rats
49 creatures vanquished.

Notes
Turn   | Place    | Note
-------+----------+-------------------------------------------
     0 | D:1      | Ethylacetat the Octopode Brigand began the quest for the
                  | Orb.
     0 | D:1      | Reached XP level 1. HP: 14/14 MP: 1/1
   190 | D:1      | Reached XP level 2. HP: 19/19 MP: 2/2
   516 | D:2      | Reached XP level 3. HP: 20/25 MP: 3/3
   691 | D:2      | Reached skill level 6 in Stealth
   862 | D:2      | Reached XP level 4. HP: 17/31 MP: 4/4
  1180 | D:3      | Found Emoydwe's Magic Scroll Shoppe.
  1188 | D:3      | Bought a scroll of identify for 24 gold pieces
  1371 | D:3      | Slain by a gnoll

Illustrated notes

Levels and vault maps discovered:
D:1:      dpeg_arrival_windows_large_door, layout_basic
D:2:      layout_rooms
D:3:      layout_basic, nicolae_elyvilon_temple_path, serial_shops, shop,
          uniq_robin

Skill      XL: |  1  2  3 |
---------------+----------+-----
Dodging        | 2 |  2.3
Stealth        | 6 |  6.2
Fighting       | 3 |  3.1
Short Blades   | |  2.0
Throwing       | |  2.0

Action                     |  1- 3 |  4- 6 || total
---------------------------+-------+-------++-------
  Melee: Whip              |    64 |    19 ||    83
         Constrict         |    13 |     7 ||    20
         Dagger            |     2 |       ||     2
         Tentacles         |     9 |     5 ||    14
         Punch             |     1 |     1 ||     2
   Stab: Sleeping          |     8 |     3 ||    11
         Distracted        |     1 |       ||     1
 Armour: Skin              |     4 |       ||     4
  Dodge: Dodged            |    30 |     8 ||    38
  Block: Other             |    14 |     3 ||    17

Table legend: (Time is in decaauts)
 A = Elapsed time spent in this place.
 B = Non-inter-level travel time spent in this place.
 C = Inter-level travel time spent in this place.
 D = Time resting spent in this place.
 E = Time spent auto-exploring this place.
 F = Levels seen in this place.
 G = Mean time per level.
                   A        B        C        D        E       F      G
               +--------+--------+--------+--------+--------+-----+--------+
         Total |   1378 |   1341 |     37 |      0 |   1022 |   3 |  459.3 |
       Dungeon |   1378 |   1341 |     37 |      0 |   1022 |   3 |  459.3 |
               +--------+--------+--------+--------+--------+-----+--------+

Top non-repeatable levels by time:
     D:2: 629 daAuts
     D:1: 484 daAuts
     D:3: 264 daAuts
